 Dungeon Crawl Stone Soup version 0.29.0-4-gdea44cf6ec (webtiles) character file.

Game seed: 8661270197226972527

5338 qw the Grappler (level 10, -4/96 HPs)
             Began as a Troll Cinder Acolyte on Sept 2, 2022.
             Was an Elder of Ignis.
             Slain by a death yak (11 damage)
             ... on level 9 of the Dungeon.
             The game lasted 00:04:09 (7726 turns).

qw the Grappler (Troll Cinder Acolyte)              Turns: 7726, Time: 00:04:10

Health: -4/96      AC: 15    Str: 28    XL:     10   Next: 38%
Magic:  10/10      EV:  9    Int: 10    God:    Ignis [****..]
Gold:   228        SH:  0    Dex:  5    Spells: 11/11 levels left

rFire   + . .      SeeInvis +     - Unarmed
rCold   . . .      Faith    .   (no shield)
rNeg    . . .      Spirit   .   a - +0 robe
rPois   .          Reflect  .   f - +2 hat
rElec   .          Harm     .   g - +1 cloak
rCorr   .          Rampage  .   (gloves unavailable)
Will    .....                   (boots unavailable)
Stlth   +.........              b - amulet of regeneration
HPRegen 1.86/turn               j - ring of see invisible
MPRegen 0.12/turn               (no ring)

@: fiery-armoured
A: large, unfitting armour, claws 3, regeneration 1, shaggy fur 1, tough skin 1
a: Renounce Religion, Fiery Armour, Foxfire Swarm, Rising Flame


You were on level 9 of the Dungeon.
You worshipped Ignis.
Ignis was greatly pleased with you.
You visited 1 branch of the dungeon, and saw 9 of its levels.

You collected 438 gold pieces.
You spent 210 gold pieces at shops.


Innate Abilities, Weirdness & Mutations

You are too large for most types of armour.
You have claws for hands.
Your natural rate of healing is unusually fast.
You are covered in fur. (AC +1)
You have tough skin. (AC +1)


   Skills:
 + Level 5.0 Fighting
 - Level 1.9 Throwing
 - Level 1.0 Armour
 - Level 1.0 Dodging
 - Level 14.3 Unarmed Combat
 - Level 1.0 Spellcasting
 - Level 2.1 Fire Magic


You had 11 spell levels left.
You didn't know any spells.
Your spell library contained the following spells:

 Spells                   Type           Power      Damage    Failure   Level
 Scorch                   Fire           8%         2d5       22%         2

Inventory:

Armour
 a - a +0 robe (worn)
 d - a +2 robe of resistance
 f - a +2 hat (worn)
 g - a +1 cloak (worn)
Jewellery
 b - an amulet of regeneration (around neck)
 h - a ring of ice
 j - a ring of see invisible (left claw)
 q - a ring of see invisible
Scrolls
 e - 3 scrolls of identify
 k - a scroll of enchant weapon
Potions
 c - 2 potions of curing
 i - a potion of might
 l - 2 potions of haste
 p - a potion of brilliance {unknown}
 r - a potion of mutation {unknown}

Dungeon Overview and Level Annotations

Branches:
Dungeon (9/15)             Temple (0/1) D:7            Lair (0/5) D:9
    Orc: D:9-12

Altars:
Ashenzari
Cheibriados
Elyvilon
Fedhas
Gozag
Hepliaklqana
Nemelex Xobeh
Ru
Sif Muna
Xom
Yredelemnul

Shops:
D:1 [[[=   D:6 *=

Annotations:
D:8 4 runed translucent doors


Message History

You claw the death yak!
You kill the death yak!
Your Unarmed Combat skill increases to level 14!
A vampire and a killer bee come into view.
Found a staircase to the Lair.
The killer bee buzzes angrily.
The troll shouts!
A killer bee comes into view.
The death yak gores you!
A killer bee comes into view.
You mangle the death yak!!
The death yak is moderately wounded.
You hear a bellow!
A killer bee comes into view.
The death yak gores you!
A killer bee comes into view.
You mangle the death yak!!
The death yak is heavily wounded.
A death yak comes into view.
The death yak gores you!
The wight hits you from afar with a +0 trident.
The vampire casts a spell.
The vampire flickers and vanishes for a moment.
The death yak gores you!
A death yak comes into view.
You claw the death yak!
The death yak is severely wounded.
The wight barely misses you.
The death yak gores you but does no damage.
The death yak is burned by your cloak of flames.
The death yak is lightly wounded.
You barely miss the death yak.
The death yak is severely wounded.
The unseen horror hits you.
The unseen horror is burned by your cloak of flames.
The unseen horror is lightly wounded.
You barely miss the death yak.
The death yak is severely wounded.
The unseen horror hits you! The death yak barely misses you.
The wight hits you but does no damage. The death yak gores you!
You die... ....... ..# ...#.>. z ..#### .......
Y .....# ......Y .#z....# ..yyT #...... # yyy

......# #
#x###.#.#.#
#Y@Yz...#.#
#####.#...#
#.#######.#..##
#.......)....#
........%....#
#########)##.#
#)# .# #.# #
########### #.#


You could see 3 death yaks, a troll, an unseen horror (invisible), 5 killer bees
and a wight.

Vanquished Creatures
  A death yak (D:9)
  Pikel (D:6)
  A hornet (D:9)
  2 wyverns (D:7)
  Menkaure (D:5)
  A water moccasin (D:7)
  Duvessa (D:6)
  A sky beast (D:8)
  2 orc warriors
  3 ice beasts
  A black bear (D:8)
  An ogre (D:7)
  4 centaurs
  A lemure (D:6)
  A phantom (D:5)
  2 bullfrogs (D:7)
  2 kobold brigands
  2 necrophages
  Blork the orc (D:5)
  A scorpion (D:7)
  2 gnoll sergeants
  7 wights
  Dowan (D:6)
  8 killer bees (D:9)
  6 howler monkeys
  4 hounds
  2 jellies
  3 orc priests
  5 orc wizards
  14 gnolls
  8 adders
  A shadow imp (D:7)
  2 white imps
  An ufetubus (D:7)
  A worm (D:4)
  A dart slug (D:4)
  27 orcs
  10 ball pythons
  6 endoplasms
  9 goblins
  14 jackals
  4 quokkas
  4 bats
  5 frilled lizards
  21 kobolds
  4 rats
200 creatures vanquished.

Notes
Turn   | Place    | Note
-------+----------+-------------------------------------------
     0 | D:1      | qw the Troll Cinder Acolyte began the quest for the Orb.
     0 | D:1      | Reached XP level 1. HP: 22/22 MP: 1/1
     0 | D:1      | 0 ||| qw: Version: 0.1-a-97-g2dd2ca4
     0 | D:1      | 0 ||| qw: Game counter: 4930
     0 | D:1      | 0 ||| qw: Always use a shield: true
     0 | D:1      | 0 ||| qw: God list: Okawaru
     0 | D:1      | 0 ||| qw: Allow faded altars: false
     0 | D:1      | 0 ||| qw: Do Orc after D:15 true
     0 | D:1      | 0 ||| qw: Do second Lair branch before Depths: true
     0 | D:1      | 0 ||| qw: Lair rune preference: random
     0 | D:1      | 0 ||| qw: Plans: Normal
     0 | D:1      | 0 ||| PLANNING D:1-11
    89 | D:1      | Found Esmogyo's Antique Armour Emporium.
   160 | D:1      | Found Qigrog's Antique Armour Emporium.
   163 | D:1      | Found Ydelic's Jewellery Shop.
   168 | D:1      | 168 ||| SHOPLISTING colourful robe (102 gold, have 4).
   168 | D:1      | 168 ||| SHOPLISTING glowing scarf (144 gold, have 4).
   168 | D:1      | 168 ||| SHOPLISTING shiny kite shield (135 gold, have 4).
   168 | D:1      | 168 ||| SHOPLISTING steam dragon scales (720 gold, have 4).
   172 | D:1      | 172 ||| SHOPLISTING amulet of regeneration (330 gold, have
                  | 4).
   172 | D:1      | 172 ||| SHOPLISTING ring of ice (275 gold, have 4).
   172 | D:1      | 172 ||| SHOPLISTING ring of positive energy (220 gold, have
                  | 4).
   172 | D:1      | 172 ||| SHOPLISTING ring of willpower (275 gold, have 4).
   309 | D:1      | Reached XP level 2. HP: 29/29 MP: 2/2
   331 | D:1      | Found Coto's Antique Armour Shoppe.
   429 | D:1      | Found Yxevob's Antique Armour Emporium.
   438 | D:1      | 438 ||| SHOPLISTING embroidered cloak (187 gold, have 17).
   789 | D:1      | 789 ||| UPGRADING to +0 cloak.
   794 | D:1      | 794 ||| READING scroll labelled COEVAF KOIT.
   795 | D:1      | 795 ||| READING 2 scrolls labelled ACZOEM TEOKKUCW.
   796 | D:1      | 796 ||| READING scroll labelled SEOCOENW QAZXIU.
   797 | D:1      | 797 ||| READING scroll labelled UDAETU MOCS.
   800 | D:1      | 800 ||| DRINKING 3 bubbling sapphire potions.
   801 | D:1      | 801 ||| DROPPING scroll of poison.
   843 | D:2      | 843 ||| Stepping ~*~*~tactically~*~*~ (stealth).
   877 | D:2      | Reached skill level 4 in Unarmed Combat
   958 | D:2      | Found a hazy altar of Hepliaklqana.
  1004 | D:2      | Found a faded altar of an unknown god.
  1041 | D:2      | Reached XP level 3. HP: 36/36 MP: 3/3
  1126 | D:2      | 1126 ||| Stepping ~*~*~tactically~*~*~ (stealth).
  1373 | D:2      | 1373 ||| READING scroll labelled OTROALI ZUTE.
  1374 | D:2      | 1374 ||| READING 2 scrolls labelled QUMOIDIMIE.
  1375 | D:2      | 1375 ||| READING scroll labelled HOUWAUZOSOAST.
  1409 | D:3      | 1409 ||| Stepping ~*~*~tactically~*~*~ (stealth).
  1501 | D:3      | Found a hazy altar of Hepliaklqana.
  1545 | D:3      | Reached XP level 4. HP: 34/44 MP: 4/4
  1562 | D:3      | 1562 ||| Stepping ~*~*~tactically~*~*~ (stealth).
  1567 | D:3      | Reached skill level 5 in Unarmed Combat
  1575 | D:3      | Found a basalt altar of Yredelemnul.
  1598 | D:3      | 1598 ||| Stepping ~*~*~tactically~*~*~ (stealth).
  1603 | D:3      | 1603 ||| Stepping ~*~*~tactically~*~*~ (stealth).
  1619 | D:3      | 1619 ||| Stepping ~*~*~tactically~*~*~ (stealth).
  1713 | D:3      | 1713 ||| Stepping ~*~*~tactically~*~*~ (stealth).
  1900 | D:3      | 1900 ||| Stepping ~*~*~tactically~*~*~ (stealth).
  1932 | D:3      | 1932 ||| Stepping ~*~*~tactically~*~*~ (hiding).
  1934 | D:3      | 1934 ||| Stepping ~*~*~tactically~*~*~ (hiding).
  1935 | D:3      | 1935 ||| Stepping ~*~*~tactically~*~*~ (hiding).
  1938 | D:3      | 1938 ||| Stepping ~*~*~tactically~*~*~ (hiding).
  1939 | D:3      | 1939 ||| Stepping ~*~*~tactically~*~*~ (hiding).
  1940 | D:3      | 1940 ||| Stepping ~*~*~tactically~*~*~ (hiding).
  2191 | D:3      | 2191 ||| UPGRADING to ring of see invisible.
  2192 | D:3      | 2192 ||| READING 2 scrolls labelled PEOGACSUELA.
  2193 | D:3      | 2193 ||| READING scroll labelled LUUNACR BUVVIDGH.
  2194 | D:3      | 2194 ||| DRINKING 2 sedimented brown potions.
  2195 | D:3      | 2195 ||| DRINKING 2 viscous yellow potions.
  2196 | D:3      | 2196 ||| READING 2 scrolls of identify.
  2196 | D:3      | 2196 ||| IDENTIFYING sedimented purple potion
  2197 | D:3      | 2197 ||| DROPPING potion of lignification.
  2198 | D:3      | 2198 ||| DROPPING potion of attraction.
  2269 | D:4      | Found a sparkling altar of Nemelex Xobeh.
  2536 | D:4      | Found a snail-covered altar of Cheibriados.
  2547 | D:4      | Found a blossoming altar of Fedhas.
  2577 | D:4      | 2577 ||| Stepping ~*~*~tactically~*~*~ (stealth).
  2601 | D:4      | 2601 ||| Stepping ~*~*~tactically~*~*~ (stealth).
  2615 | D:4      | 2615 ||| Stepping ~*~*~tactically~*~*~ (hiding).
  2677 | D:4      | 2677 ||| Stepping ~*~*~tactically~*~*~ (hiding).
  2687 | D:4      | Reached XP level 5. HP: 41/50 MP: 5/5
  2707 | D:4      | Reached skill level 6 in Unarmed Combat
  2712 | D:4      | Found a white marble altar of Elyvilon.
  3076 | D:4      | 3076 ||| UPGRADING to amulet of regeneration.
  3081 | D:4      | 3081 ||| READING scroll labelled VURONU VAFF.
  3082 | D:4      | 3082 ||| DRINKING 2 glowing golden potions.
  3083 | D:4      | 3083 ||| DRINKING 2 clear potions.
  3084 | D:4      | 3084 ||| READING 2 scrolls of identify.
  3084 | D:4      | 3084 ||| IDENTIFYING sedimented coppery potion
  3085 | D:4      | 3085 ||| DROPPING potion of flight.
  3112 | D:5      | Entered Level 5 of the Dungeon
  3182 | D:5      | Noticed Menkaure
  3188 | D:5      | Killed Menkaure
  3189 | D:5      | Reached skill level 7 in Unarmed Combat
  3189 | D:5      | Reached XP level 6. HP: 38/59 MP: 6/6
  3603 | D:5      | Reached skill level 8 in Unarmed Combat
  3603 | D:5      | Reached XP level 7. HP: 53/66 MP: 7/7
  3745 | D:5      | 3745 ||| Stepping ~*~*~tactically~*~*~ (stealth).
  3825 | D:5      | Noticed Blork the orc
  3832 | D:5      | Reached skill level 3 in Fighting
  3836 | D:5      | 3836 ||| INVOKING Fiery Armour.
  3839 | D:5      | Killed Blork the orc
  3897 | D:5      | 3897 ||| Stepping ~*~*~tactically~*~*~ (stealth).
  3931 | D:5      | Found a shimmering altar of Xom.
  3937 | D:5      | Found a shimmering altar of Xom.
  4102 | D:5      | 4102 ||| UPGRADING to +2 hat.
  4161 | D:6      | Reached skill level 9 in Unarmed Combat
  4186 | D:6      | Noticed Duvessa
  4187 | D:6      | Noticed Dowan
  4188 | D:6      | 4188 ||| Stepping ~*~*~tactically~*~*~ (hiding).
  4191 | D:6      | 4191 ||| Stepping ~*~*~tactically~*~*~ (hiding).
  4194 | D:6      | 4194 ||| INVOKING Fiery Armour.
  4200 | D:6      | Killed Duvessa
  4201 | D:6      | Reached skill level 1 in Throwing
  4201 | D:6      | Reached XP level 8. HP: 67/75 MP: 8/8
  4212 | D:6      | Killed Dowan
  4213 | D:6      | Reached skill level 1 in Dodging
  4292 | D:6      | Noticed Pikel
  4293 | D:6      | 4293 ||| Stepping ~*~*~tactically~*~*~ (hiding).
  4307 | D:6      | Killed Pikel
  4308 | D:6      | Reached skill level 10 in Unarmed Combat
  4364 | D:6      | Found Yriurphepoo's Fire Supplies.
  4376 | D:6      | 4376 ||| SHOPLISTING ring of protection from fire (325
                  | gold, have 257).
  4413 | D:6      | 4413 ||| READING scroll of enchant armour.
  4413 | D:6      | 4413 ||| ENCHANTING +0 cloak.
  4437 | D:6      | Found a shimmering blue altar of Sif Muna.
  4525 | D:6      | 4525 ||| Stepping ~*~*~tactically~*~*~ (stealth).
  4526 | D:6      | 4526 ||| Stepping ~*~*~tactically~*~*~ (stealth).
  4531 | D:6      | 4531 ||| Stepping ~*~*~tactically~*~*~ (stealth).
  4534 | D:6      | 4534 ||| Stepping ~*~*~tactically~*~*~ (stealth).
  4535 | D:6      | 4535 ||| Stepping ~*~*~tactically~*~*~ (stealth).
  4619 | D:6      | Found Tiahyppue's Jewellery Shoppe.
  4627 | D:6      | 4627 ||| SHOPLISTING +4 ring of protection (504 gold, have
                  | 264).
  4627 | D:6      | 4627 ||| SHOPLISTING ring "Tamem" {EV+4 Dex+5} (749 gold,
                  | have 264).
  4627 | D:6      | 4627 ||| SHOPLISTING ring "Uron" {rF++ rC+ rN+ AC+4} (1003
                  | gold, have 264).
  4627 | D:6      | 4627 ||| SHOPLISTING ring of protection from fire (350
                  | gold, have 264).
  4627 | D:6      | 4627 ||| BUYING ring of see invisible (210 gold).
  4627 | D:6      | Bought a ring of see invisible for 210 gold pieces
  4966 | D:6      | 4966 ||| READING 5 scrolls labelled PACOOSS BUMUW.
  4967 | D:6      | 4967 ||| DROPPING 4 scrolls of magic mapping.
  4977 | D:7      | 4977 ||| Stepping ~*~*~tactically~*~*~ (hiding).
  4978 | D:7      | 4978 ||| Stepping ~*~*~tactically~*~*~ (hiding).
  4985 | D:7      | 4985 ||| INVOKING Fiery Armour.
  5062 | D:7      | 5062 ||| Stepping ~*~*~tactically~*~*~ (stealth).
  5127 | D:7      | 5127 ||| Stepping ~*~*~tactically~*~*~ (stealth).
  5130 | D:7      | 5130 ||| Stepping ~*~*~tactically~*~*~ (hiding).
  5131 | D:7      | 5131 ||| Stepping ~*~*~tactically~*~*~ (stealth).
  5137 | D:7      | 5137 ||| Stepping ~*~*~tactically~*~*~ (stealth).
  5147 | D:7      | Reached skill level 11 in Unarmed Combat
  5151 | D:7      | Found a staircase to the Ecumenical Temple.
  5184 | D:7      | Reached XP level 9. HP: 78/84 MP: 9/9
  5215 | D:7      | 5215 ||| Stepping ~*~*~tactically~*~*~ (stealth).
  5476 | D:7      | Reached skill level 12 in Unarmed Combat
  5634 | D:7      | 5634 ||| Stepping ~*~*~tactically~*~*~ (hiding).
  6115 | D:7      | 6115 ||| READING scroll labelled IMAEGOUNWI.
  6216 | D:7      | 6216 ||| READING 2 scrolls of identify.
  6216 | D:7      | 6216 ||| IDENTIFYING fizzy black potion
  6217 | D:7      | 6217 ||| DROPPING potion of magic.
  6306 | D:8      | 6306 ||| Stepping ~*~*~tactically~*~*~ (stealth).
  6313 | D:8      | 6313 ||| Stepping ~*~*~tactically~*~*~ (stealth).
  6315 | D:8      | 6315 ||| Stepping ~*~*~tactically~*~*~ (stealth).
  6318 | D:8      | 6318 ||| FLEEEEING.
  6319 | D:8      | 6319 ||| FLEEEEING.
  6320 | D:8      | 6320 ||| FLEEEEING.
  6321 | D:8      | 6321 ||| FLEEEEING.
  6322 | D:8      | 6322 ||| FLEEEEING.
  6323 | D:8      | 6323 ||| FLEEEEING.
  6324 | D:8      | 6324 ||| FLEEEEING.
  6325 | D:8      | 6325 ||| STAIRDANCE
  6343 | D:8      | 6343 ||| STAIRDANCE
  6345 | D:7      | 6345 ||| Stepping ~*~*~tactically~*~*~ (outnumbered).
  6348 | D:7      | 6348 ||| Stepping ~*~*~tactically~*~*~ (outnumbered).
  6359 | D:8      | 6359 ||| STAIRDANCE
  6390 | D:8      | Found a huge runed translucent gate.
  6390 | D:8      | Noticed a polar bear
  6392 | D:8      | Found a huge runed translucent gate.
  6392 | D:8      | Noticed a polar bear
  6392 | D:8      | Noticed a polar bear
  6393 | D:8      | Found a huge runed translucent gate.
  6393 | D:8      | Noticed a polar bear
  6393 | D:8      | Noticed a polar bear
  6393 | D:8      | Noticed a polar bear
  6393 | D:8      | Noticed a polar bear
  6394 | D:8      | Noticed a death yak
  6394 | D:8      | Found a huge runed translucent gate.
  6395 | D:8      | Noticed a polar bear
  6445 | D:8      | 6445 ||| Stepping ~*~*~tactically~*~*~ (hiding).
  6447 | D:8      | 6447 ||| Stepping ~*~*~tactically~*~*~ (hiding).
  6448 | D:8      | 6448 ||| Stepping ~*~*~tactically~*~*~ (stealth).
  6513 | D:8      | Found a broken altar of Ashenzari.
  6561 | D:8      | 6561 ||| Stepping ~*~*~tactically~*~*~ (hiding).
  6769 | D:8      | Found a sacrificial altar of Ru.
  6769 | D:8      | Found an opulent altar of Gozag.
  6827 | D:8      | 6827 ||| Stepping ~*~*~tactically~*~*~ (outnumbered).
  6943 | D:8      | Reached skill level 13 in Unarmed Combat
  6952 | D:8      | 6952 ||| Stepping ~*~*~tactically~*~*~ (outnumbered).
  6958 | D:8      | 6958 ||| Stepping ~*~*~tactically~*~*~ (outnumbered).
  6959 | D:8      | 6959 ||| Stepping ~*~*~tactically~*~*~ (outnumbered).
  6960 | D:8      | 6960 ||| Stepping ~*~*~tactically~*~*~ (outnumbered).
  6963 | D:8      | Reached skill level 1 in Armour
  7293 | D:8      | 7293 ||| READING 2 scrolls of identify.
  7293 | D:8      | 7293 ||| IDENTIFYING silvery potion
  7294 | D:8      | 7294 ||| DROPPING potion of degeneration.
  7423 | D:9      | Paralysed by a hornet for 3 turns
  7426 | D:9      | 7426 ||| INVOKING Fiery Armour.
  7426 | D:9      | HP: 18/88 [hornet (5)]
  7427 | D:9      | 7427 ||| READING 2 scrolls of teleportation.
  7428 | D:9      | 7428 ||| DRINKING 2 potions of heal wounds.
  7428 | D:9      | Noticed an unseen horror
  7428 | D:9      | Noticed a troll
  7429 | D:9      | 7429 ||| READING scroll of teleportation.
  7430 | D:9      | 7430 ||| DRINKING potion of heal wounds.
  7436 | D:9      | Reached XP level 10. HP: 27/96 MP: 10/10
  7503 | D:9      | 7503 ||| Stepping ~*~*~tactically~*~*~ (stealth).
  7559 | D:9      | 7559 ||| Stepping ~*~*~tactically~*~*~ (stealth).
  7652 | D:9      | 7652 ||| Stepping ~*~*~tactically~*~*~ (stealth).
  7658 | D:9      | 7658 ||| Stepping ~*~*~tactically~*~*~ (stealth).
  7694 | D:9      | 7694 ||| Stepping ~*~*~tactically~*~*~ (stealth).
  7695 | D:9      | 7695 ||| Stepping ~*~*~tactically~*~*~ (stealth).
  7709 | D:9      | Noticed a death yak
  7710 | D:9      | 7710 ||| INVOKING Fiery Armour.
  7711 | D:9      | Noticed a death yak
  7713 | D:9      | 7713 ||| Stepping ~*~*~tactically~*~*~ (hiding).
  7717 | D:9      | 7717 ||| Stepping ~*~*~tactically~*~*~ (hiding).
  7719 | D:9      | Noticed a death yak
  7720 | D:9      | Killed a death yak
  7721 | D:9      | Reached skill level 14 in Unarmed Combat
  7721 | D:9      | Found a staircase to the Lair.
  7723 | D:9      | Noticed a death yak
  7723 | D:9      | HP: 20/96 [wight/+0 trident (6)]
  7723 | D:9      | Noticed a death yak
  7726 | D:9      | HP: 7/96 [unseen horror (7)]
  7726 | D:9      | Slain by a death yak

Levels and vault maps discovered:
D:1:      shiori_arrival_elements, layout_basic, serial_shops, shop,
          nicolae_shop_trees, nicolae_shop_crystal, shop_fountains, shop,
          minmay_crystal_water
D:2:      layout_loops_cross, hellmonk_ecumenical_altar_leap_of_faith,
          basic_altar
D:3:      minmay_inner_zag, layout_basic, mainiacjoe_overflow_cross_hatched,
          mainiacjoe_overflow_boulevard, serial_corexii_hall,
          corexii_hall_statues_x, corexii_hall_statues_s,
          chequers_hall_statues_y
D:4:      layout_loops_ring, elyvilon_altar_3,
          mainiacjoe_overflow_six_doors_small, amethyst_overflow_temple_binary,
          minmay_misc_feat_doors, serial_park_tiny_2, grunt_decor_arrowhead,
          minmay_misc_feat_enclosed, minmay_misc_feat_cross
D:5:      layout_loops_corners, xom_redecorated, uniq_blork_the_orc,
          uniq_menkaure
D:6:      layout_loops_corners, nicolae_sif_muna_condensation, serial_shops,
          nicolae_shop_trees, nicolae_shop_fire_sale [nicolae_sub_dead_trees],
          hangedman_abyss_or_decor_passed, uniq_duvessa, uniq_pikel
D:7:      layout_loops_corners, minmay_temple_entry_ruins,
          kennysheep_generic_room_7
D:8:      lemuel_bear_cage, layout_loops_corners,
          gammafunk_temple_overflow_wave, kennysheep_little_box
D:9:      layout_loops_ring, dpeg_lair_monsters

Skill      XL: |  1  2  3  4  5  6  7  8  9 10 |
---------------+-------------------------------+-----
Unarmed Combat | 4 5 7 8 9 11 13 14 | 14.3
Fighting       | 3 4 5 |  5.0
Throwing       | 1 |  1.9
Dodging        | 1 |  1.0
Armour         | 1 |  1.0
Spellcasting   | |  1.0
Fire Magic     | |  2.1

Action                   |  1- 3 |  4- 6 |  7- 9 | 10-12 || total
-------------------------+-------+-------+-------+-------++-------
Melee: Unarmed           |    84 |   132 |   263 |    71 ||   550
       Punch             |     1 |     1 |    10 |     3 ||    15
Throw: Boomerang         |    15 |     8 |     8 |       ||    31
Invok: Fiery Armour      |       |       |     4 |     1 ||     5
  Use: Scroll            |     7 |     5 |     7 |       ||    19
       Potion            |     1 |     4 |     2 |       ||     7
 Stab: Distracted        |       |       |       |     1 ||     1
Armor: Robe              |    39 |    44 |    85 |    20 ||   188
Dodge: Dodged            |    33 |    34 |   115 |    38 ||   220

Table legend:
 A = Non-vault XP
 B = Vault XP
 C = Vault XP percentage of total XP
 D = Non-vault monster count
 E = Vault monster count
 F = Vault count percentage of total count
                 A         B        C        D         E       F
            +---------+---------+-------+---------+---------+-------
      Total |    5568 |    2058 |  27.0 |     186 |      13 |   6.5
            +---------+---------+-------+---------+---------+-------
        D:1 |      17 |       0 |   0.0 |      11 |       0 |   0.0
        D:2 |      29 |       0 |   0.0 |      18 |       0 |   0.0
        D:3 |      80 |      19 |  19.2 |      24 |       5 |  17.2
        D:4 |     168 |       0 |   0.0 |      24 |       0 |   0.0
        D:5 |     472 |     263 |  35.8 |      18 |       2 |  10.0
        D:6 |     398 |     833 |  67.7 |       6 |       3 |  33.3
        D:7 |    1681 |     144 |   7.9 |      35 |       2 |   5.4
        D:8 |    1216 |       0 |   0.0 |      27 |       0 |   0.0
        D:9 |    1507 |     799 |  34.6 |      23 |       1 |   4.2
            +---------+---------+-------+---------+---------+-------
